 Dungeon Crawl Stone Soup version 0.17-a0-1805-g6093636 (webtiles) character file.

116 luca467 the Skirmisher (level 5, -4/37 HPs)
             Began as an Octopode Fighter on Sept 12, 2015.
             Slain by a river rat (7 damage)
             ... in a sewer.
             The game lasted 00:08:09 (2167 turns).

luca467 the Skirmisher (Octopode Fighter)           Turns: 2167, Time: 00:08:09

Health: -4/37      AC:  1    Str: 16    XL:     5   Next: 1%
Magic:  5/5        EV: 10    Int: 10    God:
Gold:   83         SH:  8    Dex: 12    Spells: 0 memorised, 4 levels left

rFire  . . .     SeeInvis .     a - +0 rapier
rCold  . . .     Clarity  .     b - +0 shield
rNeg   . . .     SustAt   .     (helmet restricted)
rPois  .         Gourm    .     (no amulet)
rElec  .         Spirit   .     (no ring)
rCorr  .         Warding  .     (no ring)
rMut   .         Stasis   .     (no ring)
MR     .....                    (no ring)
Stlth  +++.......               (no ring)
                                (no ring)
                                (no ring)
                                (no ring)

@: not resistant to hostile enchantments, fairly stealthy
A: almost no armour, amphibious, 8 rings, constrict 8, camouflage 1, gelatinous
body 1
a: no special abilities


You were in a sewer.
You were not hungry.

You visited 1 branch of the dungeon, and saw 3 of its levels.
You also visited: Sewer.

You collected 83 gold pieces.

Inventory:

Hand weapons
 a - a +0 rapier (weapon)
Armour
 b - a +0 shield (worn)
Jewellery
 i - an uncursed amulet of guardian spirit {unknown}
 j - an uncursed ring of wizardry {unknown}
 o - an uncursed ring of fire {unknown}
Scrolls
 f - 2 scrolls of identify {unknown}
 h - a scroll of enchant armour {unknown}
 k - 2 scrolls of teleportation {unknown}
 p - a scroll of fog {unknown}
Potions
 c - a potion of might
 e - a potion of agility {unknown}
 g - a potion of curing {unknown}
 l - a potion of flight {unknown}
 m - a potion of degeneration {unknown}
Comestibles
 d - 2 bread rations
 n - 2 fruits


   Skills:
 * Level 4.2 Fighting
 * Level 3.6 Short Blades
 - Level 3.0 Dodging
 - Level 2.0 Stealth
 - Level 3.0 Shields


You had 4 spell levels left.
You didn't know any spells.

Dungeon Overview and Level Annotations

Branches:
Dungeon (3/15)

Altars:


Innate Abilities, Weirdness & Mutations

You cannot wear most types of armour.
You are amphibious.
You can wear up to eight rings at the same time.
You can use your tentacles to constrict eight enemies at once.
Your skin changes colour to match your surroundings (Stealth).
Your rubbery body absorbs attacks (AC +1).


Message History

You constrict the river rat.
The river rat bites you but does no damage.
You block the river rat's attack. x2
You hit the river rat but do no damage. You constrict the river rat.
You constrict the river rat.
You kill the river rat!
The river rat barely misses you. You block the river rat's attack.
You closely miss the river rat. Your grab misses the river rat.
You constrict the river rat. You block the river rat's attack.
The river rat bites you!
* * * LOW HITPOINT WARNING * * *
You closely miss the river rat. Your grab misses the river rat.
You constrict the river rat. The river rat closely misses you.
You block the river rat's attack.
You hit the river rat. You squeeze the river rat.
You kill the river rat!
You have reached level 5!
You feel stronger. The river rat bites you!
You die...

≈≈≈≈≈≈≈≈≈≈≈≈.≈≈≈≈.≈...≈≈≈≈≈≈
≈≈≈≈≈≈≈≈≈≈≈≈≈≈≈≈≈≈≈≈≈≈≈≈≈≈≈≈
≈≈≈≈≈≈≈≈≈≈≈≈≈≈≈≈≈≈≈≈≈≈≈≈≈≈≈≈
≈≈≈≈≈≈≈≈≈≈≈≈≈.≈..≈≈.≈≈≈≈≈≈≈≈
≈≈≈≈≈≈≈≈≈≈≈≈≈≈.........≈≈≈≈≈
≈≈...≈≈≈.............≈.≈.≈≈≈
.≈≈..............r.......≈≈.
................@...........
.......##........†..........
.....#####.......##.........
...######...##..#####......#
#### #∩..#####..### ##...##
##### ##..∩# #### #####


You could see a river rat.

Vanquished Creatures
  4 adders
  4 river rats (Sewer)
  An ooze (D:1)
  A worm (D:2)
  A ball python (D:3)
  A giant cockroach (D:2)
  8 goblins
  2 hobgoblins (D:1)
  2 jackals (D:1)
  9 bats
  A giant gecko (D:2)
  3 giant newts
  6 kobolds
  5 rats
48 creatures vanquished.

Notes
Turn   | Place    | Note
--------------------------------------------------------------
     0 | D:1      | luca467 the Octopode Fighter began the quest for the Orb.
     0 | D:1      | Reached XP level 1. HP: 16/16 MP: 1/1
    35 | D:1      | Reached skill level 1 in Stealth
    35 | D:1      | Reached XP level 2. HP: 14/21 MP: 2/2
   407 | D:1      | Reached XP level 3. HP: 24/26 MP: 3/3
  1809 | D:2      | Reached XP level 4. HP: 33/33 MP: 4/4
  1927 | D:3      | Reached skill level 4 in Fighting
  1928 | D:3      | Found a glowing drain.
  1937 | Sewer    | Entered a sewer
  2167 | Sewer    | Reached XP level 5. HP: 3/37 MP: 5/5
  2167 | Sewer    | Slain by a river rat

Vault maps used:
D:1:      lightli_arrival_statuegarden, grunt_decor_resistance, minivault_23
D:2:      first_bread
D:3:      xom_teletrap_fun, minitemple, portal_sewer_entry_d, uniq_robin,
          uniq_grinder
Sewer:    sewer_minmay_treatment

Action                   |  1- 3 |  4- 6 || total
-------------------------+-------+-------++-------
Melee: Rapier            |    68 |    33 ||   101
 Stab: Sleeping          |     6 |     1 ||     7
  Eat: Bread ration      |     1 |       ||     1
